AoeStats
← tjmsky

Arabia

506617745Analyzed
1v1 RM · 18d ago on Sep 14, 2026· 32m 40s· 2 players
Game mode
Random Map
Map size
Tiny (2 player)
Population
200
Speed
Normal
Resources
Standard
Victory
Conquest
Starting age
Dark Age
Ending age
Imperial Age
RankedLock teamsTeams togetherTeam positionsShared explorationLock speedFull tech treeHidden civsTurbo modeCheats
Victory
Defeat
🇨🇳 Muisca · China
1022
+17
🇭🇰 Chinese · Hong Kong SAR China
1036
-31
QQ糖大王
12:02 Feudal Age
11:04 Loom
19:05 Castle Age
23:28 Padded Archer Armor
23:19 Fletching
23:33 Double-Bit Axe
23:52 Gold Mining
32:42 Bodkin Arrow
tjmsky
0:41 Loom
9:48 Feudal Age
10:34 Double-Bit Axe
13:14 Horse Collar
19:44 Wheelbarrow
23:28 Fletching
26:49 Castle Age
Connection lost

Rejoining the realm…

Still unreachable

The connection could not be restored.

Session expired

The server has moved on; the page needs a fresh start.